 Dungeon Crawl Stone Soup version 0.29.1 (webtiles) character file.

Game seed: 9305623150493348764

11333 jamesp the Basher (level 12, -5/86 HPs)
             Began as a Formicid Fighter on Sept 13, 2022.
             Was a Priest of Qazlal.
             Slain by a two-headed ogre
             ... wielding a +0 giant spiked club
              (8 damage)
             ... on level 2 of the Orcish Mines on Sept 14, 2022.
             The game lasted 00:42:54 (9293 turns).

jamesp the Basher (Formicid Fighter)                Turns: 9293, Time: 00:42:55

Health: -5/86      AC: 23    Str: 23    XL:     12   Next: 6%
Magic:  16/16      EV:  6    Int: 12    God:    Qazlal [***...]
Gold:   782        SH: 16    Dex: 15    Spells: 11/11 levels left

rFire   . . .      SeeInvis +   p - +7 club (spect)
rCold   . . .      Faith    .   n - +0 kite shield
rNeg    . . .      Spirit   .   H - +0 plate armour
rPois   .          Reflect  .   (helmet unavailable)
rElec   .          Harm     .   N - +0 cloak
rCorr   .          Rampage  .   (no gloves)
Will    +....                   y - +2 pair of boots
Stlth   ..........              u - amulet of regeneration
HPRegen 1.04/turn               J - ring "Dunyril" {AC+4 Int+3 Slay+2}
MPRegen 0.15/turn               l - +4 ring of slaying

@: no status effects
A: permanent stasis, dig shafts and tunnels, antennae 3, four strong arms
a: Dig, Shaft Self, Renounce Religion, Upheaval, Elemental Force


You were on level 2 of the Orcish Mines.
You worshipped Qazlal.
Qazlal was most pleased with you.
You visited 3 branches of the dungeon, and saw 13 of its levels.

You collected 782 gold pieces.

Inventory:

Hand Weapons
 c - a +0 giant spiked club
 p - a +7 spectral club (weapon)
 L - the +9 lance "Wyrmbane" {slay drac, rPois rF+ rC+ AC+3}
   (You took it off Maggie on level 7 of the Dungeon)

   It inflicts extra damage against dragons and draconians.
   AC:        It affects your AC (+3).
   rF:        It protects you from fire.
   rC:        It protects you from cold.
   rPois:     It protects you from poison.
Missiles
 e - 169 stones (quivered)
 w - 13 boomerangs
 C - 6 javelins
 D - 16 poisoned darts
 W - 2 curare-tipped darts
 Y - 2 silver javelins
Armour
 n - a +0 kite shield (worn)
 y - a +2 pair of boots (worn)
 H - a +0 plate armour (worn)
 N - a +0 cloak (worn)
Magical Staves
 f - a staff of poison
Jewellery
 b - a ring of fire
 g - a ring of resist corrosion
 l - a +4 ring of slaying (right hand)
 u - an amulet of regeneration (around neck)
 E - a ring of positive energy
 J - the ring "Dunyril" (left hand) {AC+4 Int+3 Slay+2}
   (You found it on level 6 of the Dungeon)

   [ring of protection]

   AC:        It affects your AC (+4).
   Int:       It affects your intelligence (+3).
   Slay:      It affects your accuracy & damage with ranged weapons and melee
   (+2).
 R - a +6 ring of intelligence
 T - an amulet of the acrobat
Wands
 A - a wand of mindburst (17)
 F - a wand of iceblast (21)
 O - a wand of quicksilver (11)
 S - a wand of paralysis (2)
Scrolls
 a - 2 scrolls of torment {unknown}
 h - 5 scrolls of teleportation {unknown}
 m - a scroll of blinking {unknown}
 r - 2 scrolls of brand weapon {unknown}
 s - 2 scrolls of amnesia {unknown}
 t - a scroll of acquirement {unknown}
 B - 2 scrolls of fog {unknown}
 I - 2 scrolls of vulnerability {unknown}
 K - 3 scrolls of magic mapping {unknown}
 U - a scroll of immolation {unknown}
Potions
 d - 5 potions of might
 i - a potion of cancellation
 j - 7 potions of curing
 k - 3 potions of attraction
 o - 2 potions of flight
 q - a potion of resistance {unknown}
 v - a potion of brilliance {unknown}
 x - 2 potions of heal wounds {unknown}
 z - a potion of haste
 P - 4 potions of lignification
 Q - a potion of mutation {unknown}
 V - a potion of berserk rage {unknown}
 X - 2 potions of degeneration {unknown}
 Z - a potion of invisibility {unknown}


   Skills:
 + Level 5.6 Fighting
 + Level 11.9 Maces & Flails
 - Level 10.6 Armour
 + Level 11.2 Shields
 - Level 6.0 Invocations
 - Level 3.0 Evocations


You had 11 spell levels left.
You didn't know any spells.
Your spell library contained the following spells:

 Spells                   Type           Power      Damage    Failure   Level
 Call Canine Familiar     Summ           0%         N/A       100%        3
 Portal Projectile        Hex/Tloc       0%         N/A       100%        3
 Cause Fear               Hex            0%         N/A       100%        4
 Hailstorm                Conj/Ice       0%         3d3       100%        4
 Ice Form                 Ice/Tmut       0%         N/A       100%        4
 Leda's Liquefaction      Hex/Erth       0%         N/A       100%        4
 Simulacrum               Ice/Necr       0%         N/A       100%        6
 Dragon Form              Tmut           0%         N/A       100%        7
 Borgnjor's Revivificati  Necr           0%         N/A       100%        8
 Necromutation            Tmut/Necr      0%         N/A       100%        8
 Death's Door             Necr           0%         N/A       100%        9
 Dragon's Call            Summ           0%         N/A       100%        9


Dungeon Overview and Level Annotations

Branches:
Dungeon (10/15)            Temple (1/1) D:4            Lair (0/5) D:9
    Orc (2/2) D:10
    Elf: Orc:2

Altars:
Ashenzari
Cheibriados
Dithmenos
Elyvilon
Fedhas
Gozag
Hepliaklqana
Kikubaaqudgha
Makhleb
Nemelex Xobeh
Okawaru
Qazlal
Ru
Sif Muna
Trog
Uskayaw
Vehumet
Wu Jian
Xom
Yredelemnul
Zin
The Shining One

Shops:
D:2 :   D:5 *   D:10 (   Orc:2 !*


Innate Abilities, Weirdness & Mutations

You cannot be hasted, slowed, berserked, paralysed or teleported.
You can dig through walls and to a lower floor.
You have a pair of large antennae on your head. (SInv)
Your four strong arms can wield two-handed weapons with a shield.


Message History

Things that are here:
a +0 hand axe; a +0 scale mail; an orc corpse
Things that are here:
a +0 giant club; a +0 hand axe; an ogre corpse You start resting.
Magic restored.
You start resting.
HP restored.
There is a stone staircase leading down, spattered with blood here.
You climb downwards.
Beware, you cannot shaft yourself on this level.
The ogre shouts!
The two-headed ogre shouts in stereo!
The ogre shouts!
You hear a shout! x2
You block the ogre's attack. The ogre closely misses you.
The two-headed ogre hits you with a +0 giant club!!
You block the two-headed ogre's attack.
An ogre comes into view. It is wielding a +0 giant club.
The two-headed ogre hits you with a +0 giant club!
The two-headed ogre hits you but does no damage.
The troll bites you! You block the troll's attack.
The troll claws you but does no damage.
The two-headed ogre hits you with a +0 giant spiked club!
You block the two-headed ogre's attack.
A troll comes into view.
The deep troll bites you! The deep troll claws you.
* * * LOW HITPOINT WARNING * * *
The deep troll claws you!
* * * LOW HITPOINT WARNING * * *
The troll bites you but does no damage. The troll claws you but does no damage.
The troll claws you.
* * * LOW HITPOINT WARNING * * *
An ogre comes into view. It is wielding a +0 giant club.
The ogre moves out of view.
There is a stone staircase leading up, spattered with blood here.
Okay, then.
The ogre shouts!
You hear a shout!
The two-headed ogre hits you with a +0 giant spiked club!
* * * LOW HITPOINT WARNING * * *
The two-headed ogre hits you with a +0 giant club!
You die...

##....... ....
#.......# ....
$#......##.....
..#...... .....
...............
........#.....#
.......OOOOTO.T
#.O@OOC.O..
......TOTO..∩OO
......ooOOO.O.O
..#.....T......
...#...........
.. ............
# ......#..∩...
..............


You could see 8 two-headed ogres, an ogre mage, a deep troll, a cyclops, 4
trolls, an orc warrior, 9 ogres and an orc.

Vanquished Creatures
  A boulder beetle (D:9)
  2 two-headed ogres (D:10)
  Pikel (D:8)
  2 gargoyles
  Maggie (D:7)
  5 trolls
  Sigmund (D:4)
  A wraith (D:10)
  Eustachio (D:4)
  8 yaks
  Grum (D:10)
  2 vampire mosquitoes (D:9)
  Edmund (D:4)
  2 water moccasins (D:7)
  Duvessa (D:7)
  An ice beast (D:6)
  A sky beast (D:7)
  6 orc warriors
  4 ogres (Orc:1)
  3 centaurs
  2 wolves (D:10)
  A lemure (D:8)
  A phantom (D:6)
  Blork the orc (D:4)
  4 kobold brigands
  6 bullfrogs
  A gnoll sergeant (D:9)
  13 scorpions
  5 wights (D:6)
  Dowan (D:7)
  6 killer bees (D:9)
  3 howler monkeys
  Crazy Yiuf (D:7)
  5 orc priests
  3 hounds
  7 iguanas
  Jessica (D:2)
  7 orc wizards
  8 gnolls
  12 adders
  5 white imps
  An ufetubus (D:6)
  2 worms
  3 dart slugs
  55 orcs
  11 ball pythons
  7 endoplasms
  3 giant cockroaches (D:9)
  8 goblins
  9 hobgoblins
  A jackal (D:2)
  3 quokkas
  6 bats
  3 frilled lizards
  23 kobolds
  6 rats
  A butterfly (D:9)
280 creatures vanquished.

Vanquished Creatures (others)
  2 kobolds (D:7)
2 creatures vanquished.

Grand Total: 282 creatures vanquished

Notes
Turn   | Place    | Note
-------+----------+-------------------------------------------
     0 | D:1      | jamesp the Formicid Fighter began the quest for the Orb.
     0 | D:1      | Reached XP level 1. HP: 18/18 MP: 1/1
   294 | D:1      | Reached XP level 2. HP: 24/24 MP: 2/2
   599 | D:1      | Reached XP level 3. HP: 29/29 MP: 3/3
  1020 | D:2      | Reached XP level 4. HP: 28/37 MP: 4/4
  1092 | D:2      | Found a faded altar of an unknown god.
  1182 | D:2      | Found Hetorhuod's Book Emporium.
  1293 | D:2      | Noticed Jessica
  1294 | D:2      | Killed Jessica
  1295 | D:2      | Reached XP level 5. HP: 42/42 MP: 5/5
  1643 | D:2      | Reached skill level 5 in Shields
  2183 | D:3      | Reached XP level 6. HP: 23/49 MP: 6/6
  2270 | D:3      | Found an iron altar of Okawaru.
  2302 | D:3      | Found a blossoming altar of Fedhas.
  2757 | D:4      | Noticed Edmund
  2757 | D:4      | Noticed Blork the orc
  2764 | D:4      | Killed Edmund
  2767 | D:4      | Killed Blork the orc
  2768 | D:4      | Reached skill level 5 in Fighting
  2768 | D:4      | Reached skill level 5 in Armour
  2768 | D:4      | Reached XP level 7. HP: 24/56 MP: 7/7
  2823 | D:4      | Noticed Eustachio
  2887 | D:4      | Killed Eustachio
  2888 | D:4      | Reached skill level 1 in Evocations
  3136 | D:4      | Noticed Sigmund
  3144 | D:4      | Killed Sigmund
  3151 | D:4      | Found a staircase to the Ecumenical Temple.
  3166 | Temple   | Entered the Ecumenical Temple
  3431 | D:4      | Reached XP level 8. HP: 53/62 MP: 8/8
  3874 | D:5      | Entered Level 5 of the Dungeon
  4099 | D:5      | Found a shimmering altar of Xom.
  4159 | D:5      | Reached skill level 5 in Maces & Flails
  4186 | D:5      | Found a stormy altar of Qazlal.
  4321 | D:5      | Found an ornate altar of the Wu Jian Council.
  4321 | D:5      | Found a glowing golden altar of the Shining One.
  4329 | D:5      | Found a faded altar of an unknown god.
  4331 | D:5      | Found a faded altar of an unknown god.
  4332 | D:5      | Found a radiant altar of Vehumet.
  4395 | D:5      | Found Niwkeufoo's Serpentskin Sales.
  4804 | D:5      | Became a worshipper of Qazlal Stormbringer
  4909 | D:6      | Noticed a gargoyle
  4920 | D:6      | Killed a gargoyle
  5042 | D:6      | Reached XP level 9. HP: 60/68 MP: 9/9
  5071 | D:6      | Found a snail-covered altar of Cheibriados.
  5208 | D:6      | You fall into a shaft and drop 1 floor!
  5483 | D:6      | Found a sacrificial altar of Ru.
  5529 | D:6      | Reached * piety under Qazlal
  5714 | D:6      | Identified the ring "Dunyril" {AC+4 Int+3 Slay+2}
  5848 | D:7      | Noticed Maggie
  5858 | D:7      | Killed Maggie
  5923 | D:7      | Found a runed translucent door.
  5924 | D:7      | Noticed Crazy Yiuf
  5929 | D:7      | Killed Crazy Yiuf
  5973 | D:7      | Reached XP level 10. HP: 74/74 MP: 10/10
  6129 | D:7      | Noticed Dowan
  6131 | D:7      | Noticed Duvessa
  6142 | D:7      | Killed Duvessa
  6143 | D:7      | Reached skill level 10 in Armour
  6164 | D:7      | Killed Dowan
  6164 | D:7      | Reached ** piety under Qazlal
  6236 | D:7      | Reached skill level 1 in Invocations
  6821 | D:8      | Noticed Pikel
  6842 | D:8      | Killed Pikel
  7501 | D:9      | Noticed a boulder beetle
  7514 | D:9      | Killed a boulder beetle
  7572 | D:9      | Found a staircase to the Lair.
  7613 | D:9      | Reached skill level 10 in Maces & Flails
  7638 | D:9      | Reached skill level 5 in Invocations
  7638 | D:9      | Reached XP level 11. HP: 79/79 MP: 14/14
  7641 | D:9      | Reached *** piety under Qazlal
  7654 | D:9      | Found a runed translucent door.
  7666 | D:9      | Found a runed translucent door.
  8051 | D:9      | Found a glowing silver altar of Zin.
  8306 | D:10     | Entered Level 10 of the Dungeon
  8315 | D:10     | Found Pumaan's Weapon Shop.
  8492 | D:10     | Found a staircase to the Orcish Mines.
  8552 | D:10     | Found a sparkling altar of Nemelex Xobeh.
  8553 | D:10     | Found an opulent altar of Gozag.
  8732 | D:10     | Reached **** piety under Qazlal
  8734 | D:10     | Found a bloodstained altar of Trog.
  8763 | D:10     | Noticed a two-headed ogre
  8766 | D:10     | Noticed a two-headed ogre
  8774 | D:10     | Killed a two-headed ogre
  8775 | D:10     | Reached skill level 10 in Shields
  8777 | D:10     | Killed a two-headed ogre
  8887 | D:10     | Noticed Grum
  8898 | D:10     | Killed Grum
  9008 | Orc:1    | Entered Level 1 of the Orcish Mines
  9201 | Orc:2    | Entered Level 2 of the Orcish Mines
  9201 | Orc:2    | Noticed a cyclops
  9201 | Orc:2    | Noticed a two-headed ogre
  9201 | Orc:2    | Found Giahar's Assorted Antiques.
  9201 | Orc:2    | Found Eweh's Distillery.
  9203 | Orc:2    | Noticed a two-headed ogre
  9204 | Orc:2    | Noticed a two-headed ogre
  9204 | Orc:2    | Noticed a two-headed ogre
  9205 | Orc:2    | Noticed a two-headed ogre
  9205 | Orc:2    | Noticed an ogre mage
  9206 | Orc:2    | Noticed a deep troll
  9212 | Orc:2    | Noticed a two-headed ogre
  9216 | Orc:1    | Reached XP level 12. HP: 39/86 MP: 12/16
  9292 | Orc:2    | Noticed a two-headed ogre
  9292 | Orc:2    | Noticed a two-headed ogre
  9293 | Orc:2    | HP: 3/86 [two-headed ogre/+0 giant spiked club (13)]
  9293 | Orc:2    | Slain by a two-headed ogre

Illustrated notes

Levels and vault maps discovered:
D:1:      beargit_arrival_diablo_church, layout_basic
D:2:      minmay_chambers_of_ones, layout_loops_ring, serial_shops,
          nicolae_square_shop, nicolae_ecumenical_snake_handling,
          serial_park_tiny_1, grunt_ministairs_6, kennysheep_generic_room_2,
          uniq_jessica
D:3:      layout_basic, lemuel_crystal_altar, fedhas_ov_isle_minmay
D:4:      layout_loops_ring, temple_fountains, uniq_eustachio, uniq_sigmund,
          uniq_edmund, uniq_blork_the_orc
D:5:      layout_loops_corners, grunt_qazlal_sundering,
          chequers_temple_overflow_minitemple, mainiacjoe_overflow_24_doors,
          guppyfry_shop_venom
D:6:      minmay_bubble_buster, layout_basic, cheibriados_altar_1,
          mainiacjoe_overflow_chevrons, grunt_ministairs_5,
          kennysheep_pointless_box
D:7:      layout_loops_corners, uniq_maggie, uniq_duvessa,
          uniq_crazy_yiuf_cottage
D:8:      layout_loops_ring, nicolae_titane, uniq_pikel
D:9:      lemuel_insect_pit, layout_basic, mainiacjoe_overflow_brackets,
          dpeg_oklobed_lair, grunt_ministairs_14, minmay_misc_feat_pillars
D:10:     layout_roguey, grunt_temple_overflow_opulence, trog_butcher_becter,
          david_orc_3, serial_shops, nicolae_shop_waterfront, uniq_grum
Temple:   grunt_temple_mini_profane
Orc:1:    layout_caves, minmay_orc_barracks
Orc:2:    st_orc_open, layout_caves, basic_altar, uniq_donald, uniq_snorg

Skill      XL: |  1  2  3  4  5  6  7  8  9 10 11 |
---------------+----------------------------------+-----
Fighting       | 4 5 |  5.6
Armour         | 4 5 7 9 10 | 10.6
Maces & Flails | 3 4 6 8 10 11 | 11.9
Shields        | 5 6 7 11 | 11.2
Evocations     | 2 3 |  3.0
Invocations    | 5 6 |  6.0

Action                   |  1- 3 |  4- 6 |  7- 9 | 10-12 || total
-------------------------+-------+-------+-------+-------++-------
Melee: Flail             |    82 |    14 |       |       ||    96
       Club              |       |    54 |   219 |   284 ||   557
Throw: Stone             |       |    10 |     4 |       ||    14
Invok: Upheaval          |       |       |       |     2 ||     2
       Elemental Force   |       |       |       |     1 ||     1
  Use: Scroll            |       |     1 |     4 |     2 ||     7
 Stab: Distracted        |       |       |     2 |     5 ||     7
       Paralysed         |       |       |       |     1 ||     1
Armor: Scale mail        |    35 |    17 |    56 |       ||   108
       Plate armour      |       |       |     5 |   127 ||   132
Dodge: Dodged            |    31 |    19 |    67 |    47 ||   164
Block: Buckler           |    23 |    13 |    30 |       ||    66
       Kite shield       |       |       |    46 |   187 ||   233
